AoeStats
← GGman

Hill Fort

505654714Analyzed
4v4 RM · 23d ago on Sep 10, 2026· 37m 42s· 8 players
Game mode
Random Map
Map size
Large (8 player)
Population
200
Speed
Normal
Resources
Standard
Victory
Conquest
Starting age
Dark Age
Ending age
Imperial Age
RankedLock teamsTeams togetherTeam positionsShared explorationLock speedFull tech treeHidden civsTurbo modeCheats
Victory
Defeat
🇹🇼 Britons · Taiwan
1684
+10
🇹🇼 Franks · Taiwan
1653
+11
🇹🇼 Khmer · Taiwan
1534
+15
🇹🇼 Wu · Taiwan
1487
+16
🇦🇷 Italians · Argentina
1601
-16
1516
-13
🇭🇰 Britons · Hong Kong SAR China
1508
-12
🇨🇳 Cumans · China
1475
-11
[QHB] Yae Miko
5:29 Loom
8:02 Feudal Age
8:59 Double-Bit Axe
9:50 Horse Collar
18:25 Wheelbarrow
21:26 Castle Age
20:40 Gold Mining
21:11 Bloodlines
22:21 Scale Barding Armor
22:26 Forging
23:52 Chain Barding Armor
24:07 Capped Ram
中家不出马螺线升天
7:29 Loom
9:50 Feudal Age
10:46 Double-Bit Axe
13:07 Stone Mining
13:21 Horse Collar
16:25 Wheelbarrow
20:55 Castle Age
19:09 Fletching
19:19 Gold Mining
20:22 Padded Archer Armor
21:03 Crossbowman
21:39 Bodkin Arrow
22:39 Bow Saw
23:23 Gold Shaft Mining
29:42 Ballistics
33:43 Heavy Plow
37:05 Imperial Age
34:26 Town Watch
34:32 Pikeman
35:12 Squires
35:14 Scale Mail Armor
35:25 Forging
36:29 Fortified Wall
36:30 Masonry
37:20 Chain Mail Armor
37:41 Iron Casting
玩印度的哥们硬不起来
9:31 Feudal Age
14:08 Castle Age
12:50 Double-Bit Axe
14:57 Loom
16:09 Stone Mining
19:22 Fletching
19:50 Gold Mining
21:35 Bloodlines
21:26 Husbandry
21:21 Bodkin Arrow
21:27 Padded Archer Armor
24:25 Leather Archer Armor
27:20 Ballistics
27:43 Gold Shaft Mining
27:19 Bow Saw
31:31 Imperial Age
29:40 Thumb Ring
31:46 Elite Mangudai
32:29 Bracer
33:35 Chemistry
35:59 Light Cavalry
37:45 Wheelbarrow
[QHB]Hammer warriors
6:20 Loom
9:34 Feudal Age
10:48 Double-Bit Axe
17:09 Fishing Lines
25:18 Castle Age
25:58 Gillnets
26:49 Bow Saw
31:55 Coinage
35:10 Wheelbarrow
34:21 Town Watch
35:14 Silk Road
36:06 Caravan
A88
10:21 Feudal Age
14:26 Castle Age
12:40 Horse Collar
14:06 Double-Bit Axe
15:34 Bow Saw
16:04 Heavy Plow
16:22 Loom
22:22 Wheelbarrow
23:34 Town Watch
23:41 Fletching
25:45 Hand Cart
26:54 Bodkin Arrow
30:22 Imperial Age
28:35 Ballistics
28:39 Treadmill Crane
28:56 Bodkin Arrow
29:02 Padded Archer Armor
29:04 Gold Mining
29:05 Stone Mining
31:06 Bracer
31:28 Leather Archer Armor
31:17 Squires
32:46 Chemistry
32:34 Conscription
32:32 Scale Mail Armor
31:54 Pikeman
32:10 Elite Longbowman
33:49 Siege Engineers
35:02 Ring Archer Armor
35:08 Halberdier
36:09 Chain Mail Armor
36:05 Forging
36:43 Guard Tower
37:04 Masonry
37:31 Caravan
GGman
5:06 Loom
10:40 Feudal Age
15:49 Castle Age
15:44 Double-Bit Axe
15:41 Horse Collar
16:57 Bow Saw
18:26 Gold Mining
18:52 Heavy Plow
28:00 Bloodlines
28:18 Husbandry
30:22 Wheelbarrow
30:07 Scale Barding Armor
31:35 Hand Cart
35:10 Imperial Age
34:37 Ballistics
34:14 Stone Mining
37:00 Sanctity
36:54 Fervor
36:53 Elite Ballista Elephant
37:57 Town Watch
陳之漢
10:40 Feudal Age
14:36 Castle Age
13:37 Double-Bit Axe
14:19 Fletching
17:18 Bodkin Arrow
20:15 Bow Saw
24:25 Ballistics
30:15 Loom
34:04 Horse Collar
35:28 Heavy Plow
38:01 Caravan
游樂比(ULB)
10:42 Feudal Age
14:59 Castle Age
13:45 Double-Bit Axe
16:23 Bow Saw
23:29 Wheelbarrow
23:43 Loom
24:48 Town Watch
28:34 Imperial Age
26:30 Scale Barding Armor
26:33 Gold Mining
27:32 Chain Barding Armor
27:39 Husbandry
27:59 Forging
27:52 Stone Mining
29:51 Plate Barding Armor
28:37 Cavalier
31:33 Iron Casting
31:37 Paladin
37:03 Blast Furnace
36:33 Light Cavalry
Connection lost

Rejoining the realm…

Still unreachable

The connection could not be restored.

Session expired

The server has moved on; the page needs a fresh start.